 Dungeon Crawl Stone Soup version 0.26.1-11-gd32895ea62 (webtiles) character file.

Game seed: 18353680414673830863

28767 infcreate the Covert (level 13, -1/79 HPs)
             Began as a Vampire Enchanter on July 26, 2021.
             Was a High Priest of Kikubaaqudgha.
             Slain by a three-headed hydra (11 damage)
             ... on level 3 of the Lair of Beasts on July 27, 2021.
             The game lasted 01:17:49 (21078 turns).

infcreate the Covert (Vampire Enchanter)           Turns: 21078, Time: 01:17:50

Health: -1/79      AC:  8    Str: 12    XL:     13   Next: 11%
Magic:  13/25      EV: 22    Int: 21    God:    Kikubaaqudgha [*****.]
Gold:   795        SH:  0    Dex: 24    Spells: 5/29 levels left

rFire    + . .     SeeInvis +   z - +1 falchion (flame)
rCold    + + .     Faith    .   (no shield)
rNeg     + + +     Spirit   .   n - +3 robe "Giukal" {Str+3}
rPois    ∞         Reflect  .   B - +2 helmet
rElec    .         Harm     .   t - scarf {repulsion}
rCorr    .         Rampage  .   (no gloves)
Will     ++...                  (no boots)
Stlth    ++++++++..             (no amulet)
HPRegen  0.00/turn              w - ring of Povooq {rF+ Str+2 Int+2 Dex+2}
MPRegen  0.19/turn              y - ring of Feshos {Will+ Dex+4}

@: liquefying, bloodless, slowed movement, repel missiles, very slow
A: fangs 3, see invisible, unbreathing
a: Bat Form, Revivify, Renounce Religion, Receive Corpses, Torment


You were on level 3 of the Lair of Beasts.
You worshipped Kikubaaqudgha.
Kikubaaqudgha was extremely pleased with you.
You visited 3 branches of the dungeon, and saw 16 of its levels.

You collected 1050 gold pieces.
You spent 255 gold pieces at shops.


Innate Abilities, Weirdness & Mutations

You do not regenerate when monsters are visible.
You are frail without blood (-20% HP).
You can heal yourself when you bite living creatures.
You are immune to poison.
You have razor-sharp teeth.
You have supernaturally acute eyesight. (SInv)
You can survive without breathing.


   Skills:
 + Level 8.6 Fighting
 + Level 10.1 Short Blades
 + Level 10.4 Dodging
 + Level 14.3 Stealth
 + Level 8.8 Spellcasting
 - Level 10.2 Hexes
 + Level 6.9 Necromancy


You had 5 spell levels left.
You knew the following spells:

 Your Spells              Type           Power        Failure   Level
a - Leda's Liquefaction   Hex/Erth       15%          9%          4
c - Corona                Hex            56%          1%          1
d - Tukima's Dance        Hex            51%          1%          3
e - Ensorcelled Hibernat  Hex/Ice        60%          1%          2
f - Dazzling Flash        Conj/Hex       60%          2%          3
p - Pain                  Necr           100%         1%          1
t - Confusing Touch       Hex            51%          1%          3
v - Vampiric Draining     Necr           19%          1%          3
X - Animate Dead          Necr           19%          4%          4

Your spell library contained the following spells:

 Spells                   Type           Power        Failure   Level
 Animate Skeleton         Necr           76%          1%          1
 Slow                     Hex            51%          1%          2
 Sublimation of Blood     Necr           19%          1%          2
 Cause Fear               Hex            25%          1%          4
 Inner Flame              Hex/Fire       30%          2%          3
 Portal Projectile        Hex/Tloc       60%          2%          3
 Dispel Undead            Necr           38%          4%          4
 Poisonous Vapours        Pois/Air       18%          11%         2
 Agony                    Necr           38%          12%         5
 Conjure Flame            Conj/Fire      9%           22%         3
 Mephitic Cloud           Conj/Pois/Air  9%           22%         3
 Borgnjor's Vile Clutch   Necr/Erth      11%          43%         5
 Simulacrum               Ice/Necr       11%          95%         6
 Freezing Cloud           Conj/Ice/Air   4%           100%        6

Inventory:

Hand Weapons
 b - a +4 rapier of flaming
 z - a +1 falchion of flaming (weapon)
Missiles
 C - 2 throwing nets {=f}
Armour
 k - a +1 cloak
 n - the +3 robe "Giukal" (worn) {Str+3}
   (You found it on level 6 of the Dungeon)

   It affects your strength (+3).
 t - a scarf of repulsion (worn)
 B - a +2 helmet (worn)
Jewellery
 q - an uncursed ring of stealth
 w - the ring of Povooq (left hand) {rF+ Str+2 Int+2 Dex+2}
   (You found it on level 1 of the Lair of Beasts)

   [ring of protection from fire]

   It affects your strength (+2).
   It affects your intelligence (+2).
   It affects your dexterity (+2).
   It protects you from fire.
 y - the ring of Feshos (right hand) {Will+ Dex+4}
   (You found it on level 9 of the Dungeon)

   [ring of willpower]

   It affects your dexterity (+4).
   It affects your willpower, your defense against some magical effects.
 L - an uncursed ring of flight
 N - an uncursed ring of positive energy
 Q - an uncursed ring of stealth
 Z - an uncursed ring of wizardry
Wands
 h - a wand of paralysis (16)
 j - a wand of flame (77)
 l - a wand of disintegration (6)
 r - a wand of random effects (40)
 s - a wand of digging (7)
 u - a wand of acid (50)
 E - a wand of polymorph (6)
Scrolls
 d - 5 scrolls of identify {@r1}
 e - 5 scrolls of magic mapping
 i - 4 scrolls of teleportation {@r4}
 v - 6 scrolls of remove curse {@r2}
Potions
 a - 11 potions of curing {@q1}
 c - 2 potions of attraction {unknown}
 f - 2 potions of haste {unknown}
 g - 3 potions of cancellation {unknown}
 m - 3 potions of heal wounds {@q2}
 o - 2 potions of lignification {unknown}
 p - a potion of invisibility {unknown}
 x - 8 potions of ambrosia
 A - 2 potions of magic {unknown}
 D - 2 potions of flight {unknown}

Dungeon Overview and Level Annotations

Branches:
Dungeon (11/15)            Temple (1/1) D:7            Lair (4/6) D:9
    Orc (0/2) D:10
  Swamp: Lair:2-4    Shoals: Lair:2-4     Snake: Lair:2-4    Spider: Lair:2-4

Altars:
Ashenzari
Cheibriados
Dithmenos
Elyvilon
Fedhas
Gozag
Hepliaklqana
Kikubaaqudgha
Makhleb
Nemelex Xobeh
Okawaru
Qazlal
Ru
Sif Muna
Trog
Uskayaw
Vehumet
Wu Jian
Xom
Yredelemnul
Zin
The Shining One
Beogh

Shops:
D:7 *   D:9 *

Annotations:
D:7 exclusion: statue
Lair:3 3 runed translucent doors, Jiharaak's ghost, journeyman DrEE

♣###.......▓..▓▓. ▒▒▒+
♣###............. ▒.S.
♣♣.......................▒.▒▒
♣........................▒...
♣♣.......................▒ ▒.
♣........................▒ ▒.
♣.......<.#..#+#.#.....#.▒▒.)
♣♣.##....#..#.+###.......▒HW#
♣♣♣#.#.....#..@D..##.......▒▒▒▒
♣♣♣....#P....#......P#...........
♣#.....#.....§÷.....P......##....
#.......#....'.......'.....###...
.###.##.#....##.....##.....# #...
##.#..P.#....#.###P##......# ####
..............######.......###..#
.............................##..
.................................


You could see a three-headed hydra.


Message History

You feel much better.
The three-headed hydra completely misses you.
You riposte.
You hit the three-headed hydra. You burn the three-headed hydra.
The three-headed hydra is severely wounded.
The three-headed hydra bites you but does no damage.
The three-headed hydra closely misses you.
You barely miss the three-headed hydra.
The three-headed hydra is severely wounded.
The three-headed hydra bites you.
* * * LOW HITPOINT WARNING * * *
The three-headed hydra completely misses you.
The three-headed hydra bites you!
* * * LOW HITPOINT WARNING * * *
Casting: Vampiric Draining (safe; 1% risk of failure)
Confirm with . or Enter, or press ? or * to list all spells.
Aiming: Pain (safe; 1% risk of failure)
Press: ? - help, Shift-Dir - straight line, f/p - three-headed hydra
Aim: a three-headed hydra (severely wounded, chance to affect: 54%)
Okay, then.
Casting: Pain (safe; 1% risk of failure)
Confirm with . or Enter, or press ? or * to list all spells.
Aiming: Vampiric Draining (safe; 1% risk of failure)
Press: ? - help, Shift-Dir - straight line, f/p - three-headed hydra
Aim: a three-headed hydra (severely wounded)
The three-headed hydra is almost dead.
You feel life coursing into your body.
The blink frog blinks!
The three-headed hydra completely misses you.
The three-headed hydra misses you. The three-headed hydra bites you!
You die...
Kikubaaqudgha rasps: "You have failed me!
Welcome... oblivion!"

Skill      XL: |  1  2  3  4  5  6  7  8  9 10 11 12 |
---------------+-------------------------------------+-----
Fighting       | 1 2 3 4 5 6 7 8 |  8.6
Stealth        | 5 6 7 8 10 11 12 14 | 14.3
Short Blades   | 2 3 4 5 6 7 8 10 | 10.1
Hexes          | 5 6 8 9 10 | 10.2
Dodging        | 3 4 5 6 8 9 10 | 10.4
Spellcasting   | 3 4 5 6 7 8 |  8.8
Necromancy     | 2 4 6 |  6.9

Action                   |  1- 3 |  4- 6 |  7- 9 | 10-12 | 13-15 || total
-------------------------+-------+-------+-------+-------+-------++-------
Melee: Dagger            |   163 |   107 |     1 |       |       ||   271
       Bite              |    17 |     6 |    37 |    66 |     5 ||   131
       Rapier            |       |       |   306 |   626 |    33 ||   965
       Falchion          |       |       |       |       |     9 ||     9
 Cast: Corona            |    18 |     9 |     5 |    53 |     2 ||    87
       Ensorcelled Hiber |    31 |    35 |    66 |   203 |    10 ||   345
       Confusing Touch   |     1 |     8 |    30 |    75 |     3 ||   117
       Tukima's Dance    |       |       |     2 |     9 |       ||    11
       Pain              |       |       |       |     2 |       ||     2
       Leda's Liquefacti |       |       |       |     2 |     2 ||     4
       Animate Dead      |       |       |       |     2 |       ||     2
       Vampiric Draining |       |       |       |     1 |     4 ||     5
 Abil: Exsanguinate      |       |       |       |     1 |       ||     1
  Use: Scroll            |     1 |     1 |     9 |    15 |     1 ||    27
       Potion            |       |       |     1 |       |     3 ||     4
 Stab: Sleeping          |    20 |    31 |    47 |   124 |    15 ||   237
       Confused          |       |     8 |    33 |    72 |     1 ||   114
       Distracted        |       |       |     1 |     2 |       ||     3
Armor: Robe              |    22 |     6 |    32 |    59 |     9 ||   128
Dodge: Dodged            |    74 |    46 |   227 |   418 |    62 ||   827
       Repelled          |       |       |     1 |     2 |       ||     3
       Rpst.: Falchion   |       |       |       |       |     5 ||     5

Levels and vault maps discovered:
D:1:      psy_arrival_dodecagon, layout_basic
D:2:      layout_loops_ring
D:3:      layout_basic, nicolae_overflow_crystal_walls, uniq_crazy_yiuf_cottage,
          uniq_ijyb, uniq_grinder
D:4:      layout_loops_ring, nicolae_gozag_cash_rules_everything_around_me
D:5:      layout_loops_ring, kennysheep_mini_moat,
          nicolae_ru_sacrificial_ziggurat, kennysheep_minor_cross, uniq_edmund
D:6:      layout_rooms, slow_altar_2, kennysheep_generic_room_5, uniq_pikel,
          uniq_menkaure
D:7:      layout_rooms, vehumet_statue, minmay_temple_entry_steel_oval,
          serial_shops, shop
D:8:      layout_rooms, gammafunk_temple_overflow_wave, marbit_many_paths
D:9:      layout_roguey [special_room_orc], grunt_qazlal_clouds,
          lair_entry_dummy, special_room [special_room_bee], serial_shops, shop
D:10:     layout_basic, minmay_orc_entry_guard_dogs, serial_bayou,
          serial_bayou_crossing, serial_bayou_shore_a, serial_bayou_lake_a,
          serial_bayou_lagoon_a
D:11:     layout_stronghold, serial_ice, serial_ice_k, serial_ice_c,
          serial_ice_g, serial_ice_e, chequers_arboretum
Temple:   minmay_temple_bridge_abc
Lair:1:   layout_concentric_octagons, uniq_nergalle
Lair:2:   beast_lair_carwin_large_1, layout_cave_pods, patterned_corridor
Lair:3:   layout_regular_city, palyth_hydra_swamp_entry,
          maelrawn_ghost_gauntlet_escape, zaba_antful_of_joy,
          uniq_prince_ribbit2
Lair:4:   layout_cave_pods, spider_nest_entry_funnel_web,
          grunt_forest_small_clearings, minmay_lair_oklob_chamber

Notes
Turn   | Place    | Note
-------+----------+-------------------------------------------
     0 | D:1      | infcreate the Vampire Enchanter began the quest for the
                  | Orb.
     0 | D:1      | Reached XP level 1. HP: 13/13 MP: 3/3
   251 | D:1      | Reached XP level 2. HP: 15/19 MP: 3/5
   349 | D:1      | Learned a level 2 spell: Ensorcelled Hibernation
   972 | D:1      | HP: 2/20 [kobold/+0 short sword (4)]
  1016 | D:1      | Reached XP level 3. HP: 9/25 MP: 1/6
  1677 | D:2      | Learned a level 3 spell: Confusing Touch
  1742 | D:2      | Reached skill level 1 in Fighting
  1742 | D:2      | Reached skill level 5 in Stealth
  2158 | D:2      | Reached skill level 2 in Short Blades
  2307 | D:2      | Reached XP level 4. HP: 30/32 MP: 2/7
  2532 | D:2      | Reached skill level 5 in Hexes
  2812 | D:2      | Reached skill level 3 in Dodging
  2821 | D:2      | You fall into a shaft and drop 2 floors!
  2840 | D:3      | Noticed Ijyb
  2850 | D:3      | Killed Ijyb
  2851 | D:3      | Reached XP level 5. HP: 36/37 MP: 4/9
  3086 | D:3      | Found a basalt altar of Yredelemnul.
  3413 | D:3      | Noticed Grinder
  3413 | D:3      | Paralysed by Grinder for 5 turns
  3660 | D:3      | Found a runed translucent door.
  3661 | D:3      | Noticed Crazy Yiuf
  3745 | D:3      | Killed Grinder
  3746 | D:3      | Reached skill level 2 in Fighting
  3746 | D:3      | Reached skill level 3 in Short Blades
  3746 | D:3      | Reached skill level 6 in Stealth
  3746 | D:3      | Reached skill level 3 in Spellcasting
  3746 | D:3      | Reached XP level 6. HP: 39/44 MP: 4/10
  4370 | D:3      | Killed Crazy Yiuf
  4371 | D:3      | Reached skill level 6 in Hexes
  4547 | D:4      | Reached XP level 7. HP: 51/51 MP: 2/12
  4738 | D:4      | Found an opulent altar of Gozag.
  5245 | D:5      | Entered Level 5 of the Dungeon
  5253 | D:5      | Reached skill level 4 in Dodging
  5432 | D:5      | Found a hide-covered altar of Uskayaw.
  5494 | D:5      | You fall into a shaft and drop 3 floors!
  5509 | D:7      | Found a radiant altar of Vehumet.
  5522 | D:7      | Reached skill level 7 in Stealth
  5643 | D:6      | HP: 4/51 [acid (7)]
  5847 | D:5      | Learned a level 3 spell: Tukima's Dance
  5851 | D:5      | Learned a level 3 spell: Dazzling Flash
  5858 | D:5      | Noticed Edmund
  5862 | D:5      | Reached skill level 3 in Fighting
  5862 | D:5      | Reached skill level 4 in Short Blades
  6199 | D:5      | Found a sacrificial altar of Ru.
  6545 | D:5      | Killed Edmund
  6546 | D:5      | Reached skill level 4 in Spellcasting
  6546 | D:5      | Reached XP level 8. HP: 56/58 MP: 5/14
  6664 | D:5      | Reached skill level 7 in Hexes
  7280 | D:6      | Reached skill level 5 in Dodging
  7291 | D:6      | Noticed Pikel
  7295 | D:6      | Killed Pikel
  7296 | D:6      | Reached skill level 8 in Stealth
  7296 | D:6      | Reached skill level 8 in Hexes
  7348 | D:6      | Reached skill level 4 in Fighting
  7348 | D:6      | Reached skill level 5 in Short Blades
  7433 | D:6      | You fall into a shaft and drop 1 floor!
  7672 | D:6      | Got a twisted robe
  7673 | D:6      | Identified the +3 robe "Giukal" {Str+3} (You found it on
                  | level 6 of the Dungeon)
  7799 | D:6      | Reached XP level 9. HP: 65/65 MP: 16/16
  7803 | D:6      | Noticed Menkaure
  7838 | D:6      | Found a snail-covered altar of Cheibriados.
  7878 | D:6      | Killed Menkaure
  7934 | D:7      | Found a staircase to the Ecumenical Temple.
  7950 | Temple   | Entered the Ecumenical Temple
  7995 | Temple   | Became a worshipper of Kikubaaqudgha
  8064 | D:7      | Reached skill level 9 in Stealth
  8412 | D:7      | Reached skill level 5 in Spellcasting
  8533 | D:7      | Reached skill level 6 in Dodging
  8706 | D:7      | Found Ubeh's General Store.
  8882 | D:8      | Found a burning altar of Makhleb.
  9291 | D:8      | Reached * piety under Kikubaaqudgha
  9291 | D:8      | Identified Kikubaaqudgha's Almanac of Evil (Kikubaaqudgha
                  | gifted it to you on level 8 of the Dungeon)
  9291 | D:8      | Received a gift from Kikubaaqudgha
  9318 | D:8      | Found a white marble altar of Elyvilon.
  9318 | D:8      | Found a glowing silver altar of Zin.
  9368 | D:7      | Reached skill level 9 in Hexes
  9547 | D:8      | Reached skill level 6 in Short Blades
  9652 | D:8      | Reached skill level 5 in Fighting
  9856 | D:8      | Reached skill level 10 in Stealth
  9963 | D:8      | Reached XP level 10. HP: 74/74 MP: 15/18
 10342 | D:8      | Reached skill level 7 in Dodging
 10667 | D:9      | Found a staircase to the Lair.
 10734 | D:9      | Reached skill level 6 in Spellcasting
 10763 | D:9      | Reached ** piety under Kikubaaqudgha
 10850 | D:9      | Found a stormy altar of Qazlal.
 10897 | D:9      | Found a roughly hewn altar of Beogh.
 11228 | D:9      | Reached skill level 10 in Hexes
 11963 | D:9      | Found Rastrol's Assorted Antiques.
 11966 | D:9      | Reached skill level 7 in Short Blades
 11977 | D:9      | Reached *** piety under Kikubaaqudgha
 11977 | D:9      | Identified Kikubaaqudgha's Guide on Black Magic
                  | (Kikubaaqudgha gifted it to you on level 9 of the Dungeon)
 11977 | D:9      | Received a gift from Kikubaaqudgha
 12021 | D:9      | Bought a scroll of enchant weapon for 255 gold pieces
 12118 | D:9      | Reached skill level 11 in Stealth
 12433 | D:9      | Reached skill level 1 in Necromancy
 12538 | D:9      | Reached skill level 6 in Fighting
 12800 | D:9      | Got a shimmering bronze ring
 12806 | D:9      | Identified the ring of Feshos {Will+ Dex+4} (You found it
                  | on level 9 of the Dungeon)
 12864 | D:9      | Learned a level 1 spell: Pain
 12865 | D:10     | Entered Level 10 of the Dungeon
 13011 | D:10     | Noticed a manticore
 13131 | D:10     | Killed a manticore
 13132 | D:10     | Reached skill level 8 in Dodging
 13132 | D:10     | Reached skill level 2 in Necromancy
 13309 | D:10     | Noticed a gargoyle
 13320 | D:10     | Killed a gargoyle
 13321 | D:10     | Reached XP level 11. HP: 68/81 MP: 16/21
 13577 | D:10     | Found a staircase to the Orcish Mines.
 13595 | D:10     | Noticed a two-headed ogre
 13597 | D:10     | Killed a two-headed ogre
 13724 | D:10     | Reached **** piety under Kikubaaqudgha
 13807 | D:10     | Reached skill level 3 in Necromancy
 14025 | D:10     | Noticed an unseen horror
 14030 | D:10     | Killed an unseen horror
 14031 | D:10     | Reached skill level 8 in Short Blades
 14031 | D:10     | Reached skill level 7 in Spellcasting
 14210 | D:10     | Reached skill level 12 in Stealth
 14509 | D:11     | Learned a level 4 spell: Leda's Liquefaction
 14951 | D:11     | Reached skill level 4 in Necromancy
 15265 | D:11     | Noticed a seven-headed hydra
 15620 | D:11     | Reached skill level 7 in Fighting
 15695 | D:11     | Noticed an eight-headed hydra
 15781 | D:11     | Noticed a two-headed ogre
 15795 | D:11     | Killed a two-headed ogre
 16036 | D:11     | Reached skill level 9 in Dodging
 16162 | D:11     | Noticed a brown ugly thing
 16193 | D:11     | Killed a brown ugly thing
 16409 | Lair:1   | Entered Level 1 of the Lair of Beasts
 16421 | Lair:1   | Learned a level 3 spell: Vampiric Draining
 16426 | Lair:1   | Learned a level 4 spell: Animate Dead
 16712 | Lair:1   | Reached XP level 12. HP: 72/72 MP: 23/23
 16760 | Lair:1   | Reached ***** piety under Kikubaaqudgha
 16761 | Lair:1   | Reached skill level 5 in Necromancy
 16766 | Lair:1   | Reached skill level 9 in Short Blades
 16816 | Lair:1   | Reached skill level 13 in Stealth
 17311 | Lair:1   | Noticed a seven-headed hydra
 17392 | Lair:1   | Got a steaming bone ring
 17396 | Lair:1   | Identified the ring of Povooq {rF+ Str+2 Int+2 Dex+2} (You
                  | found it on level 1 of the Lair of Beasts)
 17463 | Lair:1   | Noticed Nergalle
 17478 | Lair:1   | Killed Nergalle
 17532 | Lair:1   | Reached skill level 8 in Spellcasting
 18728 | Lair:2   | Reached skill level 8 in Fighting
 18728 | Lair:2   | Reached skill level 6 in Necromancy
 19080 | Lair:3   | Reached skill level 10 in Dodging
 19470 | Lair:3   | Noticed a death yak
 19470 | Lair:3   | Noticed a death yak
 19497 | Lair:3   | Noticed an eight-headed hydra
 19549 | Lair:3   | Noticed Prince Ribbit
 19562 | Lair:3   | Killed Prince Ribbit
 19602 | Lair:3   | Reached skill level 14 in Stealth
 19682 | Lair:3   | Noticed a minotaur
 19696 | Lair:3   | Noticed Jiharaak's ghost (journeyman DrEE)
 19701 | Lair:3   | Noticed a four-headed hydra
 19822 | Lair:3   | Found a runed translucent gate.
 19822 | Lair:3   | Found a runed translucent gate.
 19822 | Lair:3   | Found a runed translucent gate.
 20459 | Lair:3   | Noticed a queen ant
 20524 | Lair:3   | Reached skill level 10 in Short Blades
 20555 | Lair:3   | Reached XP level 13. HP: 79/79 MP: 19/25
 21072 | Lair:3   | HP: 6/79 [three-headed hydra (11)]
 21075 | Lair:3   | HP: 2/79 [three-headed hydra (9)]
 21078 | Lair:3   | Slain by a three-headed hydra

Vanquished Creatures
  A queen ant (Lair:3)
  2 two-headed ogres
  Nergalle (Lair:1)
  An unseen horror (D:10)
  Pikel (D:6)
  2 manticores
  An ugly thing (D:11)
  3 elephants
  5 black mambas
  A gargoyle (D:10)
  2 cane toads
  A rime drake (Lair:2)
  A komodo dragon (Lair:1)
  4 trolls
  A queen bee (D:9)
  4 polar bears
  Prince Ribbit (Lair:3)
  Grinder (D:3)
  A hornet (D:11)
  6 slime creatures
  10 blink frogs
  28 yaks
  A wyvern (Lair:3)
  A basilisk (Lair:2)
  Menkaure (D:6)
  4 wargs (D:10)
  9 soldier ants
  A swamp worm (Lair:3)
  5 water moccasins
  2 orc warriors (D:9)
  9 black bears
  3 phantoms
  A sky beast (D:9)
  3 ice beasts
  2 necrophages (D:8)
  2 ogres
  8 wolves
  4 centaurs
  10 bullfrogs
  2 gnoll sergeants
  A water moccasin zombie (D:7)
  3 scorpions
  28 killer bees
  4 wights (D:11)
  3 howler monkeys
  4 electric eels (D:10)
  4 centaur zombies
  A quasit (D:8)
  4 orc priests
  Crazy Yiuf (D:3)
  A bullfrog skeleton (D:9)
  4 jellies
  2 orc wizards (D:7)
  3 hounds
  3 iguanas
  Ijyb (D:3)
  28 worker ants
  A killer bee zombie (D:6)
  2 bullfrog simulacra (D:11)
  A mummy (D:6)
  A howler monkey zombie (D:6)
  8 adders
  10 gnolls
  A hound simulacrum (D:11)
  2 shadow imps
  4 white imps
  4 ufetubi
  An adder skeleton (D:7)
  2 worms (D:2)
  A dart slug (D:1)
  6 leopard geckos
  41 orcs
  4 bats
  9 giant cockroaches
  12 goblins
  11 hobgoblins
  15 jackals
  9 quokkas
  A ball python skeleton (D:5)
  4 frilled lizards
  5 kobolds
  6 rats
402 creatures vanquished.

Vanquished Creatures (collateral kills)
  5 elephants (Lair:1)
  A blink frog (Lair:1)
  Edmund (D:5)
  An orc warrior (D:9)
  An ogre (D:5)
  A hobgoblin (D:3)
10 creatures vanquished.

Vanquished Creatures (others)
  6 fungi
  93 plants
99 creatures vanquished.

Grand Total: 511 creatures vanquished

Table legend: (Time is in decaauts)
 A = Elapsed time spent in this place.
 B = Non-inter-level travel time spent in this place.
 C = Inter-level travel time spent in this place.
 D = Time resting spent in this place.
 E = Time spent auto-exploring this place.
 F = Levels seen in this place.
 G = Mean time per level.
                   A        B        C        D        E       F      G
               +--------+--------+--------+--------+--------+-----+--------+
         Total |  20961 |  13203 |   7758 |   7043 |      0 |  16 | 1310.1 |
       Dungeon |  16489 |  10567 |   5922 |   5635 |      0 |  11 | 1499.0 |
        Temple |     66 |      2 |     64 |      0 |      0 |   1 |   66.0 |
          Lair |   4405 |   2633 |   1772 |   1408 |      0 |   4 | 1101.2 |
               +--------+--------+--------+--------+--------+-----+--------+

Top non-repeatable levels by time:
     D:9: 2422 daAuts
  Lair:3: 2091 daAuts
    D:11: 1910 daAuts
     D:1: 1680 daAuts
    D:10: 1634 daAuts
     D:8: 1561 daAuts
     D:3: 1480 daAuts
     D:5: 1325 daAuts
  Lair:1: 1226 daAuts
     D:2: 1210 daAuts
     D:7: 1179 daAuts
     D:4: 1042 daAuts
     D:6: 1042 daAuts
  Lair:2: 946 daAuts
  Lair:4: 141 daAuts

Table legend:
 A = Non-vault XP
 B = Vault XP
 C = Vault XP percentage of total XP
 D = Non-vault monster count
 E = Vault monster count
 F = Vault count percentage of total count
                 A         B        C        D         E       F
            +---------+---------+-------+---------+---------+-------
      Total |   29826 |   11271 |  27.4 |     302 |     110 |  26.7
            +---------+---------+-------+---------+---------+-------
        D:1 |      54 |       0 |   0.0 |      28 |       0 |   0.0
        D:2 |     137 |       0 |   0.0 |      22 |       0 |   0.0
        D:3 |     154 |     350 |  69.4 |      29 |       3 |   9.4
        D:4 |     120 |       0 |   0.0 |       5 |       0 |   0.0
        D:5 |     554 |      88 |  13.7 |      20 |       1 |   4.8
        D:6 |     485 |     859 |  63.9 |      16 |       5 |  23.8
        D:7 |    1198 |       0 |   0.0 |      26 |       0 |   0.0
        D:8 |    2555 |       3 |   0.1 |      31 |       1 |   3.1
        D:9 |    1254 |    1904 |  60.3 |      22 |      44 |  66.7
       D:10 |    4750 |     665 |  12.3 |      24 |       4 |  14.3
       D:11 |    3816 |    1070 |  21.9 |      17 |      10 |  37.0
     Lair:1 |    5483 |     791 |  12.6 |      22 |       1 |   4.3
     Lair:2 |    2162 |    1536 |  41.5 |       7 |       8 |  53.3
     Lair:3 |    6358 |    4005 |  38.6 |      29 |      33 |  53.2
     Lair:4 |     746 |       0 |   0.0 |       4 |       0 |   0.0
            +---------+---------+-------+---------+---------+-------
